 Dungeon Crawl Stone Soup version 0.18.1-48-g4cf74bf (webtiles) character file.

179 MistressOfTheDunes the Insei (level 5, -14/42 HPs)
             Began as a Mummy Monk on June 24, 2016.
             Demolished by Menkaure (20 damage)
             ... on level 4 of the Dungeon.
             The game lasted 00:05:51 (4430 turns).

MistressOfTheDunes the Insei (Mummy Monk)           Turns: 4430, Time: 00:05:53

Health: -14/42     AC:  3    Str: 14    XL:     5   Next: 33%
Magic:  5/5        EV: 13    Int:  9    God:
Gold:   192        SH:  0    Dex: 19    Spells: 0 memorised, 4 levels left

rFire  x . .     SeeInvis .       - Unarmed
rCold  + . .     Gourm    .     (no armour)
rNeg   + + +     Faith    .     (no shield)
rPois  ∞         Spirit   .     k - +0 helmet
rElec  .         Dismiss  .     c - +0 cloak
rCorr  .         Reflect  .     j - +0 pair of gloves {Dex+3}
SustAt .         Harm     .     (no boots)
MR     .....                    (no amulet)
Stlth  ++........               (no ring)
                                (no ring)

@: not resistant to hostile enchantments, unstealthy
A: no food or potions, fire vulnerability, cold resistance 1, negative energy
resistance 3, torment resistance, unbreathing
a: no special abilities


You were on level 4 of the Dungeon.
You were not hungry.

You visited 1 branch of the dungeon, and saw 4 of its levels.

You collected 192 gold pieces.


Innate Abilities, Weirdness & Mutations

You do not eat or drink.
Your flesh is vulnerable to fire.
You are immune to poison.
Your flesh is cold resistant.
You are immune to negative energy.
You are immune to unholy pain and torment.
You can survive without breathing.


   Skills:
 + Level 4.1 Fighting
 - Level 2.4 Dodging
 - Level 1.5 Stealth
 - Level 5.0 Unarmed Combat


You had 4 spell levels left.
You didn't know any spells.

Inventory:

Armour
 c - a +0 cloak (worn)
 j - a +0 pair of gloves of dexterity (worn)
 k - a +0 helmet (worn)
Jewellery
 f - an uncursed amulet of magic regeneration {unknown}
 l - an uncursed amulet of faith {unknown}
Scrolls
 a - 2 scrolls of teleportation {unknown}
 b - a scroll of noise {unknown}
 d - 7 scrolls of identify {unknown}
 e - a scroll of enchant weapon {unknown}
 g - a scroll of blinking {unknown}
 h - 2 scrolls of magic mapping {unknown}
 i - 2 scrolls of enchant armour {unknown}

Dungeon Overview and Level Annotations

Branches:
Dungeon (4/15)
 Temple: D:4-7

Altars:
Dithmenos
Okawaru
Zin

Annotations:
D:3 Blork the orc
D:4 Menkaure

...........▒
▒▒▒▒▒▒▒▒▒..▒▒▒▒▒▒▒▒▒
▒...▒..........▒
▒.▒.▒.▒▒▒▒▒▒▒▒.▒
▒.▒.▒.▒▒.....▒.▒
▒.▒.▒.▒▒.▒▒▒.▒.▒
▒.▒.▒.▒▒.▒...▒.▒
▒.▒.▒.▒▒.▒.▒▒▒.▒
▒.▒.▒.▒▒....MM.▒
▒.▒.▒........▒▒▒
▒.▒.▒..).▒.▒▒▒
▒.▒.▒.▒▒...▒
▒.....▒▒▒▒▒▒ ▒▒▒.▒▒▒
▒.▒▒▒▒▒▒▒▒▒▒▒▒▒▒▒▒▒▒▒▒
▒...................<▒
▒▒▒▒▒▒▒▒▒▒▒▒▒▒▒▒▒▒▒▒▒▒


You could see Menkaure.


Message History

You closely miss Menkaure!
Menkaure is lightly damaged!
You pulverise Menkaure but do no damage!
Menkaure is lightly damaged!
Menkaure closely misses you!
You pummel Menkaure like a punching bag!
Menkaure is moderately damaged!
Menkaure mumbles some strange words!
Menkaure seems to speed up!
You pulverise Menkaure but do no damage!
Menkaure is moderately damaged!
Menkaure misses you!
You barely miss Menkaure!
Menkaure is moderately damaged!
Menkaure closely misses you!
You barely miss Menkaure!
Menkaure is moderately damaged!
Menkaure hits you!!! * * * don't die
* * * You barely miss Menkaure!
Menkaure is moderately damaged!
Menkaure hits you but does no damage!
You pulverise Menkaure but do no damage!
Menkaure is moderately damaged!
Menkaure gestures at you while chanting!
You are unaffected!
You squash Menkaure like an ant!
Menkaure is heavily damaged!
Menkaure hits you!!!!!! rip

Action                   |  1- 3 |  4- 6 || total
-------------------------+-------+-------++-------
Melee: Unarmed           |   130 |   146 ||   276
       Punch             |     5 |     6 ||    11
 Stab: Sleeping          |     3 |       ||     3
       Distracted        |     1 |       ||     1
Armor: Skin              |     5 |    20 ||    25
Dodge: Dodged            |    74 |   111 ||   185

Vault maps used:
D:1:      kb_arrival_jail
D:2:      zin_scriptorium, grunt_dithmenos_smoke, serial_bayou_crossing
D:3:      okawaru_metal_pillars_1_2, lightli_sewer_entry_pipes, first_bread
D:4:      evilmike_ruin_ashenzari, nicolae_ossuary_entry_monument,
          uniq_blork_the_orc, uniq_menkaure

Notes
Turn   | Place    | Note
--------------------------------------------------------------
     0 | D:1      | MistressOfTheDunes the Mummy Monk began the quest for the Orb.
     0 | D:1      | Reached XP level 1. HP: 18/18 MP: 1/1
     8 | D:1      | Noticed a vine stalker
     8 | D:1      | Noticed a human
    10 | D:1      | Noticed a dwarf
    10 | D:1      | Noticed a felid
    12 | D:1      | Noticed a merfolk
    12 | D:1      | Noticed a centaur
    14 | D:1      | Noticed a formicid
    16 | D:1      | Noticed an octopode
    18 | D:1      | Noticed a demonspawn
    18 | D:1      | Noticed a tengu
    20 | D:1      | Noticed a ghoul
    20 | D:1      | Noticed a demigod
    22 | D:1      | Noticed an elf
    24 | D:1      | Noticed a minotaur
    24 | D:1      | Noticed a troll
    26 | D:1      | Noticed a spriggan
    26 | D:1      | Noticed a vampire
    28 | D:1      | Noticed a draconian
    28 | D:1      | Noticed an ogre
    30 | D:1      | Noticed a halfling
    30 | D:1      | Noticed a naga
    32 | D:1      | Noticed a gargoyle
   276 | D:1      | Reached XP level 2. HP: 15/24 MP: 2/2
   742 | D:1      | Reached skill level 4 in Unarmed Combat
   985 | D:2      | Reached XP level 3. HP: 17/29 MP: 3/3
  1500 | D:2      | Found a shadowy altar of Dithmenos.
  1615 | D:2      | Found a glowing silver altar of Zin.
  2206 | D:3      | Reached XP level 4. HP: 24/35 MP: 4/4
  2255 | D:3      | Found an iron altar of Okawaru.
  3124 | D:3      | Reached skill level 5 in Unarmed Combat
  3399 | D:4      | Noticed Menkaure
  3483 | D:4      | Noticed Blork the orc
  3558 | D:3      | Reached XP level 5. HP: 17/42 MP: 5/5
  4118 | D:3      | Reached skill level 4 in Fighting
  4430 | D:4      | Demolished by Menkaure

Vanquished Creatures
  A hound (D:3)
  An orc wizard (D:3)
  2 adders
  An ooze (D:4)
  3 worms
  2 dart slugs
  A giant gecko (D:4)
  10 orcs
  2 giant cockroaches (D:1)
  7 goblins
  12 hobgoblins
  5 jackals
  A quokka (D:3)
  7 bats
  A giant gecko skeleton (D:4)
  3 giant newts
  11 kobolds
  A quokka skeleton (D:4)
  7 rats
78 creatures vanquished.
